 Dungeon Sprint DCSS version 0.19.0-19-g8c6edcc (webtiles) character file.

2626 NINUZHNO the Blocker (level 9, -5/66 HPs)
             Began as a Formicid Fighter on Nov 12, 2016.
             Was a High Priest of Qazlal.
             Killed by divine providence
             ... invoked by a deep elf high priest
              (14 damage)
             ... in the Dungeon (Sprint V: "Ziggurat Sprint").
             The game lasted 00:05:19 (678 turns).

NINUZHNO the Blocker (Formicid Fighter)              Turns: 678, Time: 00:05:20

Health: -5/66      AC: 22    Str: 34    XL:     9   Next: 91%
Magic:  14/18      EV:  6    Int: 12    God:    Qazlal [*****.]
Gold:   0          SH: 36    Dex: 10    Spells: 0 memorised, 8 levels left

rFire  + + +     SeeInvis +     K - +7 great mace "Firestarter" {inner flame, rF++}
rCold  + . .     Gourm    .     l - +5 gold dragon scales
rNeg   + . .     Faith    .     L - +3 large shield
rPois  +         Spirit   .     (helmet unavailable)
rElec  .         Reflect  +     (no cloak)
rCorr  .         Harm     .     (no gloves)
MR     .....                    (no boots)
Stlth  ..........               c - amulet "Iddogh" {Reflect rF+ SH+4}
                                p - ring "Hokhisku" {rN+ Str+4 Int+4}
                                I - +6 ring of strength

@: protected from physical damage, repel missiles
A: permanent stasis, dig shafts and tunnels, four strong arms, antennae 3
a: Dig, Upheaval, Elemental Force, Disaster Area, Renounce Religion


You were in the Dungeon.
You worshipped Qazlal.
Qazlal was extremely pleased with you.
You were not hungry.

You visited 1 branch

Inventory:

Hand Weapons
 K - the +7 great mace "Firestarter" (weapon) {inner flame, rF++}
   (You found it in the Dungeon)

   It has been specially enchanted to burn those struck by it, causing extra
   injury to most foes and up to half again as much damage against particularly
   susceptible opponents.
   It greatly protects you from fire.
Armour
 l - +5 gold dragon scales (worn)
 L - a +3 large shield (worn)
Jewellery
 c - the amulet "Iddogh" (around neck) {Reflect rF+ SH+4}
   (You found it in the Dungeon)

   [amulet of reflection]

   It shields you and reflects attacks.
   It protects you from fire.
   It affects your SH (+4).
 p - the ring "Hokhisku" (right hand) {rN+ Str+4 Int+4}
   (You acquired it in the Dungeon)

   [ring of positive energy]

   It affects your strength (+4).
   It affects your intelligence (+4).
   It protects you from negative energy.
 I - a +6 ring of strength (left hand)
Wands
 y - a wand of disintegration (7/24)
 B - a wand of iceblast (5/15)
 C - a wand of lightning (5/15)
 D - a wand of acid (5/15)
Scrolls
 b - 4 scrolls of enchant weapon
 r - 4 scrolls of amnesia
 s - 3 scrolls of recharging
 t - 7 scrolls of fog
 u - a scroll of holy word
 v - 5 scrolls of identify
 w - 5 scrolls of remove curse
 x - 2 scrolls of fear
Potions
 d - 6 potions of might
 e - 10 potions of curing
 g - 8 potions of heal wounds
 h - 6 potions of haste
 i - 7 potions of magic
 j - 3 potions of berserk rage
 m - 2 potions of brilliance
 n - 2 potions of invisibility
 o - 4 potions of resistance
 q - 5 potions of agility
Miscellaneous
 k - a sack of spiders
 M - a phantom mirror
Comestibles
 f - 5 bread rations
 z - 42 fruits
 A - 4 meat rations


   Skills:
 + Level 4.4 Fighting
 + Level 13.3 Maces & Flails
 + Level 4.4 Armour
 + Level 2.1 Dodging
 + Level 14.9 Shields
 * Level 12.1 Invocations


You had 8 spell levels left.
You didn't know any spells.

Dungeon Overview and Level Annotations

Branches:
Dungeon (1/1)

Altars:
Ashenzari
Cheibriados
Dithmenos
Elyvilon
Fedhas
Gozag
Hepliaklqana
Kikubaaqudgha
Makhleb
Nemelex Xobeh
Okawaru
Qazlal
Ru
Sif Muna
Trog
Uskayaw
Vehumet
Xom
Yredelemnul
Zin
The Shining One
Beogh
Jiyva
Lugonu


Innate Abilities, Weirdness & Mutations

You are under a permanent stasis effect.
You can dig through walls and to a lower floor.
Your four strong arms can wield two-handed weapons with a shield.
You have a pair of large antennae on your head. (SInv)


Message History

The deep elf mage mumbles some strange words.
The deep elf mage blinks!
The ice beast hits you but does no damage.
Unknown command.
You miss the glaive of venom.
The glaive of venom is severely damaged.
You block the deep elf mage's attack. The glaive of venom hits you.
You feel protected from physical attacks.
The deep elf archer blinks!
You block the ice beast's attack.
Unknown command.
You sock the glaive of venom!
The glaive of venom is almost destroyed.
The glaive of venom's inner flame fades away.
The deep elf mage points at you and mumbles some strange words.
The bolt of lightning hits you!
* * * LOW HITPOINT WARNING * * *
The glaive of venom hits you but does no damage.
The deep elf high priest invokes the aid of its god against you.
Something smites you!
You die...

▓.......▓
▓▓▓▓▓▓▓▓▓
▓..8©8..▓
▓..|)...▓
▓..))}..▓
▓.....§.▓
▓..e§.e.▓
▓.eY(e..▓
▓..§@§..▓
▓.▓§.§▓.▓
▓.......▓
▓▓▓▓▓▓▓▓▓


{{{{{ {{{{ You could see a deep elf archer, a deep elf high priest, 2 deep elf
magi, an ice beast and a glaive of venom.

Vanquished Creatures
  A deep elf knight (D)
  2 yaktaurs (D)
  An ancient zyme (D)
  An air elemental (D)
  4 insubstantial wisps (D)
  3 phantoms (D)
  A crimson imp (D)
  3 quasits (D)
  An orc priest (D)
  3 orc wizards (D)
  An iron imp (D)
  2 shadow imps (D)
  A white imp (D)
24 creatures vanquished.

Vanquished Creatures (others)
  A wind drake (D)
1 creature vanquished.

Grand Total: 25 creatures vanquished

Notes
Turn   | Place    | Note
-------+----------+-------------------------------------------
     0 | D        | NINUZHNO the Formicid Fighter began the quest for the Orb.
     0 | D        | Reached XP level 1. HP: 18/18 MP: 1/1
     5 | D        | Found a deep blue altar of Sif Muna.
     5 | D        | Found a sacrificial altar of Ru.
     5 | D        | Found a bloodstained altar of Trog.
     5 | D        | Found a stormy altar of Qazlal.
     5 | D        | Found an iron altar of Okawaru.
     5 | D        | Found a sparkling altar of Nemelex Xobeh.
     5 | D        | Found a blossoming altar of Fedhas.
     7 | D        | Found an ancient bone altar of Kikubaaqudgha.
     7 | D        | Found a viscous altar of Jiyva.
     7 | D        | Found a corrupted altar of Lugonu.
     7 | D        | Found a hazy altar of Hepliaklqana.
     7 | D        | Found a burning altar of Makhleb.
     7 | D        | Found an opulent altar of Gozag.
    67 | D        | Became a worshipper of Qazlal Stormbringer
    75 | D        | Reached skill level 5 in Maces & Flails
    75 | D        | Reached skill level 7 in Shields
    75 | D        | Reached XP level 2. HP: 24/24 MP: 2/2
    79 | D        | Entered arena 1.
    79 | D        | Noticed a yaktaur
    79 | D        | Noticed a yaktaur
    86 | D        | Killed a yaktaur
    86 | D        | Reached skill level 10 in Shields
    86 | D        | Reached XP level 3. HP: 15/29 MP: 2/8
    86 | D        | Reached XP level 4. HP: 18/35 MP: 2/9
    86 | D        | Reached XP level 5. HP: 21/41 MP: 2/10
    86 | D        | Reached XP level 6. HP: 24/47 MP: 2/11
    93 | D        | Killed a yaktaur
    93 | D        | Reached skill level 11 in Shields
    93 | D        | Reached XP level 7. HP: 40/52 MP: 3/13
   170 | D        | Entered arena 2.
   181 | D        | Reached * piety under Qazlal
   181 | D        | Reached skill level 10 in Maces & Flails
   181 | D        | Reached skill level 12 in Shields
   182 | D        | Reached XP level 8. HP: 54/58 MP: 13/15
   190 | D        | Reached ** piety under Qazlal
   190 | D        | Reached skill level 10 in Invocations
   207 | D        | Entered arena 3.
   226 | D        | Reached *** piety under Qazlal
   305 | D        | Got a translucent granite ring
   307 | D        | Identified the ring "Hokhisku" {rN+ Str+4 Int+4} (You acquired it in the Dungeon)
   318 | D        | Entered arena 4.
   324 | D        | Reached **** piety under Qazlal
   363 | D        | Entered arena 5.
   363 | D        | Noticed an ancient zyme
   368 | D        | Reached skill level 13 in Shields
   369 | D        | Killed an ancient zyme
   371 | D        | Reached ***** piety under Qazlal
   452 | D        | Entered arena 6.
   452 | D        | Noticed an air elemental
   452 | D        | Noticed a wind drake
   459 | D        | Killed an air elemental
   459 | D        | Reached XP level 9. HP: 9/64 MP: 17/17
   460 | D        | Killed a wind drake
   460 | D        | Reached skill level 14 in Shields
   479 | D        | Got the amulet "Iddogh" {Reflect rF+ SH+4}
   671 | D        | Entered arena 7.
   671 | D        | Noticed a deep elf mage
   671 | D        | Noticed a deep elf archer
   671 | D        | Noticed a deep elf mage
   671 | D        | Noticed a deep elf knight
   671 | D        | Noticed a deep elf high priest
   671 | D        | Noticed a glaive of venom
   672 | D        | Killed a deep elf knight
   678 | D        | Killed from afar by a deep elf high priest

Skill      XL: |  1  2  3  4  5  6  7  8  9 |
---------------+----------------------------+-----
Maces & Flails | 5 8 9 10 12 13 | 13.3
Shields        | 7 10 11 12 13 14 | 14.9
Invocations    | 7 9 10 12 | 12.1
Fighting       | 4 |  4.4
Armour         | 4 |  4.4
Dodging        | 2 |  2.1

Action                   |  1- 3 |  4- 6 |  7- 9 || total
-------------------------+-------+-------+-------++-------
Melee: Great mace        |     5 |     5 |    68 ||    78
Invok: Upheaval          |       |       |     1 ||     1
  Use: Potion            |     1 |     1 |     1 ||     3
       Scroll            |       |       |     1 ||     1
Armor: Gold dragon scale |     3 |       |    83 ||    86
Dodge: Dodged            |       |       |    25 ||    25
Block: Large shield      |     8 |     5 |   140 ||   153
       Reflection        |       |       |     1 ||     1
